 Dungeon Crawl Stone Soup version 0.31-a0-221-gbddc013574 (webtiles) character file.

Game seed: 5361802845772946802

226 pokeman the Magician (level 5, -2/43 HPs)
             Began as a Deep Elf Hedge Wizard on July 4, 2023.
             Succumbed to a water moccasin's poison
             ... on level 5 of the Dungeon.
             The game lasted 00:05:37 (2828 turns).

pokeman the Magician (Deep Elf Hedge Wizard)        Turns: 2828, Time: 00:05:38

Health: -2/43      AC:  2    Str:  7    XL:     5   Next: 69%
Magic:  6/16       EV: 13    Int: 21    God:
Gold:   142        SH:  0    Dex: 14    Spells: 9/17 levels left

rFire   . . .        r - +1 short sword (venom)
rCold   . . .        (no shield)
rNeg    . . .        b - +0 robe
rPois   .            c - +0 hat
rElec   .            (no cloak)
rCorr   .            (no gloves)
SInv    .            (no boots)
Will    .....        (no amulet) Stlth
                     (no ring)
HPRegen 0.27/turn    (no ring)
MPRegen 0.15/turn

%: no passive effects
@: berserking, lethally poisoned (-2 -> -12), very quick
A: no striking features
a: no special abilities


You were on level 5 of the Dungeon.
You visited 1 branch of the dungeon, and saw 4 of its levels.

You collected 142 gold pieces.

Inventory:

Hand Weapons
 r - a +1 short sword of venom (weapon)
Armour
 b - a +0 robe (worn)
 c - a +0 hat (worn)
Magical Staves
 m - a staff of death
Jewellery
 i - an amulet of faith
 o - the amulet "Meihoer" {Spirit Dex+3}
   (You found it on level 2 of the Dungeon)

   [amulet of guardian spirit]

   It causes incoming damage to be divided between your reserves of health and
   magic.
   Dex:       It affects your dexterity (+3).
Scrolls
 a - a scroll of amnesia {unknown}
 f - a scroll of revelation {unknown}
 g - 3 scrolls of identify {unknown}
 j - a scroll of vulnerability {unknown}
 k - a scroll of poison {unknown}
 l - a scroll of blinking {unknown}
 p - a scroll of fear {unknown}
 q - a scroll of teleportation {unknown}
Potions
 d - a potion of magic
 n - a potion of resistance {unknown}


   Skills:
 - Level 1.0 Fighting
 - Level 1.0 Armour
 - Level 3.0 Dodging
 - Level 3.0 Stealth
 * Level 6.5 Spellcasting
 + Level 2.9 Conjurations
 - Level 1.1 Summonings
 + Level 0.4 Necromancy
 - Level 1.1 Translocations
 + Level 0.0 Air Magic
 - Level 1.0 Poison Magic
 - Level 1.0 Evocations


You had 9 spell levels left.
You knew the following spells:

 Your Spells              Type           Power      Damage    Failure   Level
a - Magic Dart            Conj           76%        1d6       2%          1
b - Mephitic Cloud        Conj/Pois/Air  12%        N/A       16%         3
c - Call Imp              Summ           22%        N/A       9%          2
d - Blink                 Tloc           22%        N/A       9%          2

Your spell library contained the following spells:

 Spells                   Type           Power      Damage    Failure   Level
 Slow                     Hex            24%        N/A       10%         1
 Cigotuvi's Dreadful Rot  Necr/Pois/Air  16%        N/A       12%         2


Dungeon Overview and Level Annotations

Branches:
Dungeon (3/15)

Altars:
Nemelex Xobeh

Shops:
D:1 !


Message History

Casting: Magic Dart (safe; 2% risk of failure)
Confirm with . or Enter, or press ? or * to list all spells.
Aiming: Magic Dart (safe; 2% risk of failure)
Press: ? - help, Shift-Dir - straight line, f/p - water moccasin
Aim: a water moccasin (heavily wounded, ally target, 100% to hit)
The magic dart hits the water moccasin.
The water moccasin is heavily wounded.
Your cerulean imp dies!
Your cerulean imp disappears in a puff of smoke!
The water moccasin bites you!
Casting: Magic Dart (safe; 2% risk of failure)
Confirm with . or Enter, or press ? or * to list all spells.
A tiny devil pulls itself out of the air.
The water moccasin barely misses you.
Unknown command.
You barely miss the water moccasin.
The water moccasin is heavily wounded.
The water moccasin closely misses you.
Your cerulean imp barely misses the water moccasin.
The water moccasin bites you.
You are lethally poisoned!
The water moccasin poisons you!
Unknown command.
You hit the water moccasin.
The water moccasin is heavily wounded.
You feel very sick. The water moccasin closely misses you.
Your cerulean imp hits the water moccasin with a -3 spear.
Unknown command.
You hit the water moccasin.
The water moccasin is severely wounded.
You feel very sick. The water moccasin bites you!
* * * LOW HITPOINT WARNING * * *
Your cerulean imp closely misses the water moccasin.
Unknown command.
It was a potion of berserk rage.
A red film seems to cover your vision as you go berserk!
You feel yourself moving faster!
You feel mighty!
You die...

... .. .. .# .# S#
5## #.###
########### #...##
#5S@......## ##...#
##...####...#####..
#...########..###
##........#
#...#..†..#..##
##....#####
#...........##
##.....##
##.........##
##..###.>##
######....# ##..##
##..## ##...#
##..## ##..# #
#....###..## ##.# #


You could see a water moccasin (ally target) and a friendly cerulean imp
(summoned).

Vanquished Creatures
  A hound (D:5)
  An orc priest (D:3)
  2 iguanas (D:5)
  An orc wizard (D:3)
  3 adders
  2 worms (D:2)
  4 dart slugs
  3 orcs
  6 ball pythons
  8 bats
  6 endoplasms (D:1)
  6 goblins
  2 hobgoblins (D:1)
  3 quokkas
  2 frilled lizards
  4 kobolds
  2 rats (D:2)
56 creatures vanquished.

Notes
Turn   | Place    | Note
-------+----------+-------------------------------------------
     0 | D:1      | pokeman the Deep Elf Hedge Wizard began the quest for the
                  | Orb.
     0 | D:1      | Reached XP level 1. HP: 10/10 MP: 7/7
   211 | D:1      | Found Alloc's Distillery.
   239 | D:1      | Reached XP level 2. HP: 15/15 MP: 4/9
   735 | D:1      | Reached skill level 5 in Spellcasting
  1104 | D:2      | Reached XP level 3. HP: 20/20 MP: 9/11
  1110 | D:1      | Learned a level 3 spell: Mephitic Cloud
  1113 | D:1      | Learned a level 2 spell: Call Imp
  1116 | D:1      | Learned a level 2 spell: Blink
  1647 | D:2      | Reached skill level 1 in Fighting
  1647 | D:2      | Reached skill level 1 in Armour
  1790 | D:2      | Identified the amulet "Meihoer" {Spirit Dex+3}
  2375 | D:3      | Reached XP level 4. HP: 25/25 MP: 6/13
  2494 | D:3      | Found a sparkling altar of Nemelex Xobeh.
  2504 | D:3      | You fall into a shaft and drop 2 floors!
  2504 | D:5      | Entered Level 5 of the Dungeon
  2517 | D:5      | Noticed a water moccasin
  2586 | D:5      | Reached skill level 6 in Spellcasting
  2586 | D:5      | Reached XP level 5. HP: 23/29 MP: 13/15
  2734 | D:5      | Reached skill level 1 in Evocations
  2798 | D:5      | Reached skill level 1 in Poison Magic
  2798 | D:5      | Noticed a water moccasin
  2827 | D:5      | HP: 1/29 [water moccasin (8)]
  2828 | D:5      | Succumbed to a water moccasin's poison

Illustrated notes

Levels and vault maps discovered:
D:1:      psy_arrival_conway, layout_rooms, serial_shops,
          nicolae_shop_peninsula, minmay_fountain_box
D:2:      layout_loops_corners, grunt_ministairs_14, minmay_misc_feat_chi,
          nrook_mini_vaults, minmay_tromino_v4_b
D:3:      layout_rooms, lemuel_tele_altar, old_standard_altar, serial_glass,
          glass_columns_a, glass_columns_a, hangedman_decor_growths,
          nicolae_twisty_statue_hallways
D:5:      layout_layer_cave, dk_vineyard_3, uniq_eustachio

Skill      XL: |  1  2  3  4  5 |
---------------+----------------+-----
Spellcasting   | 5 6 |  6.5
Conjurations   | 2 |  2.9
Fighting       | 1 |  1.0
Armour         | 1 |  1.0
Stealth        | 3 |  3.0
Dodging        | 3 |  3.0
Evocations     | 1 |  1.0
Poison Magic   | 1 |  1.0
Summonings     | |  1.1
Necromancy     | |  0.4
Translocations | |  1.1

Action                     |  1- 3 |  4- 6 || total
---------------------------+-------+-------++-------
  Melee: Dagger            |     8 |       ||     8
         Short sword       |       |    30 ||    30
   Cast: Magic Dart        |   118 |    17 ||   135
         Mephitic Cloud    |     1 |     5 ||     6
         Call Imp          |       |     4 ||     4
    Use: Potion            |       |     1 ||     1
   Stab: Confused          |     1 |     3 ||     4
 Armour: Robe              |     5 |     3 ||     8
  Dodge: Dodged            |    13 |    17 ||    30

Table legend: (Time is in decaauts)
 A = Elapsed time spent in this place.
 B = Non-inter-level travel time spent in this place.
 C = Inter-level travel time spent in this place.
 D = Time resting spent in this place.
 E = Time spent auto-exploring this place.
 F = Levels seen in this place.
 G = Mean time per level.
                   A        B        C        D        E       F      G
               +--------+--------+--------+--------+--------+-----+--------+
         Total |   2831 |   2748 |     83 |    116 |   2173 |   4 |  707.8 |
       Dungeon |   2831 |   2748 |     83 |    116 |   2173 |   4 |  707.8 |
               +--------+--------+--------+--------+--------+-----+--------+

Top non-repeatable levels by time:
     D:2: 1217 daAuts
     D:1: 1118 daAuts
     D:5: 323 daAuts
     D:3: 171 daAuts
